 Dungeon Crawl Stone Soup version 0.30-a0-365-ge7f957f1db (webtiles) character file.

Game seed: 4247697280761054776

1878 oldriver the Thaumaturge (level 8, -11/67 HPs)
             Began as a Mummy Necromancer on Nov 16, 2022.
             Mangled by a gnoll sergeant
             ... wielding a +0 halberd
              (13 damage)
             ... in a bailey.
             The game lasted 00:09:44 (6905 turns).

oldriver the Thaumaturge (Mummy Necromancer)        Turns: 6905, Time: 00:09:45

Health: -11/67     AC:  5    Str: 11    XL:     8   Next: 91%
Magic:  15/20      EV: 12    Int: 17    God:
Gold:   369        SH:  0    Dex: 12    Spells: 13/24 levels left

rFire   . . .      SeeInvis .    d - +5 short sword (freeze)
rCold   + . .      Faith    +    (no shield)
rNeg    + + +      Spirit   .    a - +0 robe
rPois   ∞          Reflect  .    h - +0 helmet
rElec   .          Harm     .    p - +0 cloak
rCorr   .          Rampage  .    j - +0 pair of gloves
Will    +....                    (no boots)
Stlth   ++........               (no amulet)
HPRegen 0.31/turn                c - ring of protection from cold
MPRegen 0.17/turn                n - ring of fire

@: animating dead
A: cold resistance 1, negative energy resistance 3, torment resistance 2, heat
vulnerability 1, in touch with death 1, no potions, faith
a: no special abilities


You were in a bailey.
You visited 1 branch of the dungeon, and saw 7 of its levels.
You also visited: Bailey.

You collected 369 gold pieces.

Inventory:

Hand Weapons
 d - a +5 short sword of freezing (weapon)
Missiles
 m - a throwing net
Armour
 a - a +0 robe (worn)
 h - a +0 helmet (worn)
 j - a +0 pair of gloves (worn)
 p - a +0 cloak (worn)
Jewellery
 c - a ring of protection from cold (left hand)
 n - a ring of fire (right hand)
Wands
 o - a wand of roots (7)
Scrolls
 b - 6 scrolls of teleportation {unknown}
 e - 7 scrolls of identify {unknown}
 f - 2 scrolls of enchant weapon
 g - 3 scrolls of acquirement
 i - a scroll of brand weapon
 k - a scroll of butterflies {unknown}
 l - a scroll of noise
 q - a scroll of poison {unknown}


   Skills:
 + Level 7.0 Fighting
 + Level 2.6 Dodging
 + Level 2.7 Stealth
 + Level 8.9 Spellcasting
 + Level 5.4 Necromancy
 + Level 1.5 Ice Magic


You had 13 spell levels left.
You knew the following spells:

 Your Spells              Type           Power      Damage    Failure   Level
a - Necrotise             Necr           100%       1d9       1%          1
b - Vampiric Draining     Necr           39%        2d8       3%          3
c - Animate Dead          Necr           39%        N/A       10%         4
d - Ozocubu's Armour      Ice            12%        N/A       16%         3

Your spell library contained the following spells:

 Spells                   Type           Power      Damage    Failure   Level
 Gell's Gravitas          Tloc           7%         N/A       28%         3
 Teleport Other           Tloc           7%         N/A       28%         3
 Agony                    Necr           39%        N/A       28%         5
 Borgnjor's Vile Clutch   Necr/Erth      12%        N/A       65%         5
 Petrify                  Tmut/Erth      7%         N/A       67%         4
 Alistair's Intoxication  Tmut/Pois      4%         N/A       95%         5
 Irradiate                Conj/Tmut      3%         3d12      95%         5
 Dispersal                Tloc           3%         N/A       100%        6
 Eringya's Noxious Bog    Tmut/Pois      3%         N/A       100%        6
 Ozocubu's Refrigeration  Ice            6%         4d8       100%        7
 Sublimation of Blood     Necr           Unusable   N/A       N/A         2

Dungeon Overview and Level Annotations

Branches:
Dungeon (7/15)             Bailey (1/1)
 Temple: D:4-7

Altars:
Ashenzari
Ru
Uskayaw
Yredelemnul

Shops:
D:1 :


Innate Abilities, Weirdness & Mutations

You are immune to poison.
Your flesh is cold resistant. (rC+)
You are immune to negative energy. (rN+++)
You are immune to unholy pain and torment.
You are vulnerable to heat. (rF-)
You are in touch with the powers of death.
You do not drink.
You have a special connection with the divine. (Faith)


Message History

The gnoll escapes!
You struggle against the net.
The grasping roots constrict the gnoll sergeant, but do no damage.
The grasping roots constrict the gnoll sergeant!
The roots release their grip on the gnoll sergeant. x2
The gnoll sergeant hits you from afar with a +0 halberd!
You rip the net and break free!
Your gnoll zombie hits the gnoll sergeant but does no damage.
The gnoll sergeant hits you from afar with a +0 halberd!
* * * LOW HITPOINT WARNING * * *
Your gnoll zombie hits the gnoll sergeant.
As you read the scroll labelled QIGGIY ELOISCH, it crumbles to dust.
It is a scroll of brand weapon.
Your +4 short sword is covered with a thin layer of ice!
d - a +4 short sword of freezing (weapon)
The gnoll sergeant closely misses you. The gnoll closely misses you.
The gnoll sergeant closely misses you.
As you read the scroll labelled INIXAHASSU, it crumbles to dust.
It is a scroll of enchant weapon.
Your +4 short sword of freezing glows red for a moment.
The gnoll sergeant closely misses you.
The gnoll hits you from afar with a +0 spear.
* * * LOW HITPOINT WARNING * * *
The gnoll sergeant hits you from afar with a +0 glaive!
* * * LOW HITPOINT WARNING * * *
Unknown command.
As you read the scroll labelled JIUHIY IGOBB, it crumbles to dust.
You hear a loud clanging noise!
It was a scroll of noise.
You hear a howl!
You hear a shout!
You hear a howl!
You hear a shout!
You hear a howl!
You hear a shout! x5
Your gnoll zombie hits the gnoll sergeant but does no damage.
The gnoll sergeant barely misses you.
The gnoll hits you from afar with a +0 spear.
* * * LOW HITPOINT WARNING * * *
The gnoll sergeant misses you.
This is a scroll of acquirement!
Something appears at your feet!
The gnoll sergeant hits you from afar with a +0 halberd!
You die...

#...≈≈♣♣ #..≈.♣
#..≈.♣♣ #..≈..♣ ###
#..≈..♣ #... #..≈..♣♣
..... #####..≈...♣♣
..$...#...'Zg.....♣♣♣#
..8...')))'.g.@..)).∩#
..$...#...'.g.....♣♣♣#
..... #####..≈...♣♣
#... #..≈...♣ ###
#..≈...♣ #..≈..♣♣
#..≈.♣♣ #..≈.♣


You could see 2 gnoll sergeants, a gnoll and a friendly gnoll zombie.

Vanquished Creatures
  A water moccasin (D:5)
  2 orc warriors
  A sky beast (D:7)
  2 black bears
  2 centaurs (D:6)
  2 ogres (D:5)
  A kobold brigand (D:6)
  A necrophage (D:6)
  2 scorpions
  A howler monkey (D:4)
  2 orc priests (D:7)
  3 jellies
  4 hounds
  An orc wizard (D:6)
  4 iguanas
  A hound zombie (D:4)
  8 adders
  11 gnolls
  A white imp (D:6)
  2 ufetubi
  An adder zombie (D:4)
  3 worms
  A dart slug (D:2)
  3 orcs
  6 ball pythons
  3 endoplasms
  4 giant cockroaches
  15 goblins
  5 hobgoblins
  4 jackals
  4 quokkas
  5 bats
  3 frilled lizards
  5 kobolds
  12 rats
126 creatures vanquished.

Vanquished Creatures (collateral kills)
  A giant cockroach (D:3)
  A jackal (D:3)
  3 kobolds (D:6)
  A frilled lizard (D:3)
  A goblin (D:3)
7 creatures vanquished.

Vanquished Creatures (others)
  2 hound zombies (Bailey)
  2 gnoll zombies (Bailey)
  3 goblin zombies (D:7)
7 creatures vanquished.

Grand Total: 140 creatures vanquished

Notes
Turn   | Place    | Note
-------+----------+-------------------------------------------
     0 | D:1      | oldriver the Mummy Necromancer began the quest for the Orb.
     0 | D:1      | Reached XP level 1. HP: 13/13 MP: 4/4
   302 | D:1      | Found Umil's Book Shop.
   348 | D:1      | Reached XP level 2. HP: 20/20 MP: 1/5
   477 | D:1      | Reached skill level 3 in Spellcasting
   971 | D:1      | Reached skill level 1 in Fighting
  1082 | D:1      | You fall into a shaft and drop 1 floor!
  1163 | D:2      | Gained mutation: You are in touch with the powers of death.
                  | [Mummy growth]
  1163 | D:2      | Reached XP level 3. HP: 26/26 MP: 3/7
  1839 | D:2      | Reached XP level 4. HP: 32/32 MP: 2/9
  2234 | D:3      | Reached skill level 4 in Spellcasting
  2492 | D:3      | Reached XP level 5. HP: 38/38 MP: 9/11
  2956 | D:3      | Learned a level 3 spell: Vampiric Draining
  3179 | D:3      | Learned a level 4 spell: Animate Dead
  3324 | D:4      | Reached skill level 5 in Necromancy
  3376 | D:4      | Found a sacrificial altar of Ru.
  3405 | D:4      | Reached XP level 6. HP: 47/47 MP: 4/13
  3560 | D:4      | Reached skill level 5 in Spellcasting
  3580 | D:4      | Found a basalt altar of Yredelemnul.
  4215 | D:5      | Entered Level 5 of the Dungeon
  4276 | D:5      | Noticed a water moccasin
  4279 | D:5      | Reached skill level 6 in Spellcasting
  4279 | D:5      | Reached XP level 7. HP: 55/55 MP: 10/16
  4289 | D:5      | Reached skill level 5 in Fighting
  4889 | D:5      | Reached skill level 7 in Spellcasting
  4930 | D:5      | Found a broken altar of Ashenzari.
  5450 | D:6      | Reached XP level 8. HP: 54/64 MP: 10/19
  5527 | D:6      | Found a hide-covered altar of Uskayaw.
  5774 | D:6      | Reached skill level 8 in Spellcasting
  6063 | D:6      | Learned a level 3 spell: Ozocubu's Armour
  6513 | D:7      | Reached skill level 1 in Ice Magic
  6520 | D:7      | Found a flagged portal.
  6701 | Bailey   | Entered a bailey
  6904 | Bailey   | HP: 2/67 [gnoll/+0 spear (4)]
  6905 | Bailey   | Identified 4 scrolls of acquirement
  6905 | Bailey   | Acquired the +3 warlock's mirror {reflect}
  6905 | Bailey   | Found the +3 warlock's mirror {reflect}
  6905 | Bailey   | Mangled by a gnoll sergeant

Illustrated notes

Levels and vault maps discovered:
D:1:      psy_arrival_statuary, layout_loops_corners, serial_shops,
          nicolae_lakefront_shop
D:2:      layout_basic, minmay_rat_gold_closets
D:3:      layout_basic
D:4:      layout_basic, nicolae_ru_sacrificial_ziggurat,
          lemuel_zombie_altar_yredelemnul
D:5:      layout_basic, mainiacjoe_overflow_small_starburst
D:6:      layout_basic, kennysheep_mini
D:7:      layout_rooms, minmay_temple_entry_nine_rooms, enter_bailey_3,
          hangedman_decor_push
Bailey:   bailey_polearm_gnolls_kennysheep, bailey

Skill      XL: |  1  2  3  4  5  6  7  8 |
---------------+-------------------------+-----
Spellcasting   | 3 4 6 7 8 |  8.9
Fighting       | 1 2 3 4 5 7 |  7.0
Dodging        | 2 |  2.6
Stealth        | 2 |  2.7
Necromancy     | 5 |  5.4
Ice Magic      | 1 |  1.5

Action                   |  1- 3 |  4- 6 |  7- 9 || total
-------------------------+-------+-------+-------++-------
Melee: Unarmed           |     8 |       |       ||     8
       Short sword       |     4 |    37 |    39 ||    80
 Cast: Necrotise         |    67 |    98 |   113 ||   278
       Vampiric Draining |       |       |    14 ||    14
       Animate Dead      |       |       |     3 ||     3
Evoke: Wand              |       |       |     4 ||     4
  Use: Scroll            |       |       |     4 ||     4
 Stab: Sleeping          |     1 |     1 |       ||     2
Armor: Robe              |     1 |    11 |    24 ||    36
Dodge: Dodged            |    11 |    38 |    91 ||   140

Table legend: (Time is in decaauts)
 A = Elapsed time spent in this place.
 B = Non-inter-level travel time spent in this place.
 C = Inter-level travel time spent in this place.
 D = Time resting spent in this place.
 E = Time spent auto-exploring this place.
 F = Levels seen in this place.
 G = Mean time per level.
                   A        B        C        D        E       F      G
               +--------+--------+--------+--------+--------+-----+--------+
         Total |   6904 |   6727 |    177 |    405 |   5383 |   8 |  863.0 |
       Dungeon |   6700 |   6523 |    177 |    279 |   5365 |   7 |  957.1 |
        Bailey |    203 |    203 |      0 |    126 |     18 |   1 |  203.0 |
               +--------+--------+--------+--------+--------+-----+--------+

Top non-repeatable levels by time:
     D:5: 1238 daAuts
     D:2: 1137 daAuts
     D:1: 1081 daAuts
     D:6: 1053 daAuts
     D:4: 1024 daAuts
     D:3: 969 daAuts
  Bailey: 203 daAuts
     D:7: 195 daAuts
